 Dungeon Crawl Stone Soup version 0.28-a0-769-g550dbda0cd (webtiles) character file.

Game seed: 10634247606526114169

202873 rogsnak the Thaumaturge (level 18, -10/140 HPs)
             Began as a Gnoll Hedge Wizard on Oct 30, 2021.
             Was a High Priest of Sif Muna.
             Killed from afar by a deep elf zephyrmancer (40 damage)
             ... with a bolt of lightning
             ... on level 1 of the Elven Halls on Oct 31, 2021.
             The game lasted 02:35:07 (34765 turns).

rogsnak the Thaumaturge (Gnoll Hedge Wizard)       Turns: 34765, Time: 02:35:08

Health: -10/140    AC: 16    Str: 15    XL:     18   Next: 59%
Magic:  11/35      EV: 16    Int: 31    God:    Sif Muna [*****.]
Gold:   2794       SH:  0    Dex: 11    Spells: 5/44 levels left

rFire   + + .      SeeInvis .   F - +8 demon trident of Optimality {freeze, rPois rF+ rC-}
rCold   x . .      Faith    .   (no shield)
rNeg    + . .      Spirit   .   u - +0 troll leather armour
rPois   +          Reflect  .   h - +2 helmet of Eternal Vigilance {rF- Int+4}
rElec   .          Harm     .   x - +1 cloak
rCorr   .          Rampage  .   K - +0 pair of gloves of Jigyoj {rN+ Will+}
Will    ++...                   y - +1 pair of boots
Stlth   +++++.....              v - amulet of magic regeneration
HPRegen 1.33/turn               e - ring "Heguin" {rF++ Str+6 Dex-2}
MPRegen 0.49/turn               V - +6 ring of intelligence

@: death channelling (expiring)
A: fangs 1, strong nose, distributed training
}: 1/15 runes: serpentine
a: Renounce Religion, Channel Magic, Forget Spell, Divine Exegesis


You were on level 1 of the Elven Halls.
You worshipped Sif Muna.
Sif Muna was extremely pleased with you.
You visited 7 branches of the dungeon, and saw 29 of its levels.
You also visited: Gauntlet, Ice Cave and Volcano.

You collected 3031 gold pieces.
You spent 237 gold pieces at shops.

Inventory:

Hand Weapons
 r - the +8 war axe "Orb Guardian's Regret" {vorpal, Drain rF+ rC+++ Int+4}
   (You found it on level 13 of the Dungeon)

   It inflicts extra damage upon your enemies.
   Int:       It affects your intelligence (+4).
   rF:        It protects you from fire.
   rC:        It renders you almost immune to cold.
   Drain:     It drains your maximum health when unequipped.
 F - the +8 demon trident of Optimality (weapon) {freeze, rPois rF+ rC-}
   (You took it off a kobold brigand on level 8 of the Dungeon)

   It freezes those it strikes, dealing additional cold damage.
   It can also slow down cold-blooded creatures.
   rF:        It protects you from fire.
   rC:        It makes you vulnerable to cold.
   rPois:     It protects you from poison.
 G - the +5 shortbow of Certain Death {vorpal, rElec}
   (You found it on level 2 of the Lair of Beasts)

   Any ammunition fired from it inflicts extra damage upon your enemies.
   rElec:     It insulates you from electricity.
 H - the +6 rapier "Keelura" {speed, rCorr Stlth+}
   (You took it off an orc warrior on level 5 of the Dungeon)

   Attacks with this weapon are significantly faster.
   rCorr:     It protects you from acid and corrosion.
   Stlth:     It makes you more stealthy.
Missiles
 l - 5 silver javelins (quivered)
 L - 2 curare-tipped darts
 W - 4 throwing nets
Armour
 a - a +2 robe of the Archmagi
 f - the +2 helmet of Contentment {Fly Int+8 Dex+4 Slay-5}
   (You found it on level 6 of the Lair of Beasts)

   Int:       It affects your intelligence (+8).
   Dex:       It affects your dexterity (+4).
   Slay:      It affects your accuracy & damage with ranged weapons and melee
   (-5).
   Fly:       It grants you flight.
 h - the +2 helmet of Eternal Vigilance (worn) {rF- Int+4}
   (You found it in a Gauntlet)

   Int:       It affects your intelligence (+4).
   rF:        It makes you vulnerable to fire.
 u - a +0 troll leather armour (worn)
 x - a +1 cloak (worn)
 y - a +1 pair of boots (worn)
 J - a +3 leather armour of fire resistance
 K - the +0 pair of gloves of Jigyoj (worn) {rN+ Will+}
   (You found it on level 5 of the Dungeon)

   rN:        It protects you from negative energy.
   Will:      It increases your willpower.
 S - a +2 robe of resistance
Jewellery
 e - the ring "Heguin" (left hand) {rF++ Str+6 Dex-2}
   (You found it in a Gauntlet)

   [ring of strength]

   Str:       It affects your strength (+6).
   Dex:       It affects your dexterity (-2).
   rF:        It greatly protects you from fire.
 s - a ring of wizardry
 v - an amulet of magic regeneration (around neck)
 E - an amulet of regeneration
 I - a ring of flight
 U - a ring of see invisible
 V - a +6 ring of intelligence (right hand)
Wands
 c - a wand of iceblast (49)
 k - a wand of polymorph (12)
 w - a wand of charming (15)
 D - a wand of acid (15)
 Y - a wand of digging (4)
Scrolls
 d - 3 scrolls of fear
 j - 4 scrolls of magic mapping
 n - 2 scrolls of summoning
 o - 3 scrolls of amnesia
 p - 2 scrolls of fog
 q - 9 scrolls of teleportation
 C - 2 scrolls of blinking
 Q - 5 scrolls of enchant weapon
 R - 6 scrolls of enchant armour
 Z - 2 scrolls of immolation
Potions
 b - a potion of brilliance
 g - a potion of berserk rage
 i - 3 potions of might
 m - 3 potions of heal wounds
 t - 4 potions of magic
 z - 3 potions of ambrosia
 A - 3 potions of haste
 M - a potion of resistance
 N - 14 potions of curing
 O - 4 potions of flight
 P - a potion of invisibility
 T - a potion of mutation
 X - 2 potions of cancellation
Miscellaneous
 B - a box of beasts


   Skills:
 + Level 12.1 Fighting
 + Level 12.1 Short Blades
 + Level 12.1 Long Blades
 + Level 12.1 Axes
 + Level 12.1 Maces & Flails
 + Level 12.1 Polearms
 + Level 12.1 Staves
 + Level 12.1 Slings
 + Level 12.1 Bows
 + Level 12.1 Crossbows
 + Level 12.1 Throwing
 + Level 12.1 Armour
 + Level 12.9 Dodging
 + Level 12.8 Stealth
 + Level 12.1 Shields
 + Level 12.1 Unarmed Combat
 + Level 13.9 Spellcasting
 + Level 10.5 Conjurations
 + Level 10.2 Hexes
 + Level 10.5 Summonings
 + Level 10.2 Necromancy
 + Level 10.5 Translocations
 + Level 10.2 Transmutations
 + Level 10.2 Fire Magic
 + Level 10.2 Ice Magic
 + Level 10.2 Air Magic
 + Level 10.2 Earth Magic
 + Level 10.2 Poison Magic
 + Level 13.1 Invocations
 + Level 12.1 Evocations


You had 5 spell levels left.
You knew the following spells:

 Your Spells              Type           Power      Damage    Failure   Level
a - Death Channel         Necr           35%        N/A       5%          6
b - Blink                 Tloc           100%       N/A       1%          2
c - Mephitic Cloud        Conj/Pois/Air  72%        N/A       1%          3
d - Summon Ice Beast      Ice/Summ       72%        N/A       1%          4
e - Airstrike             Air            35%        N/A       1%          4
f - Flame Wave            Conj/Fire      72%        3d12      1%          4
g - Iron Shot             Conj/Erth      36%        9d7       5%          6
h - Lee's Rapid Deconstr  Erth           35%        3d19*     1%          5
i - Borgnjor's Vile Clut  Necr/Erth      35%        N/A       1%          5

Your spell library contained the following spells:

 Spells                   Type           Power      Damage    Failure   Level
 Freeze                   Ice            100%       1d11      1%          1
 Magic Dart               Conj           100%       1d8       1%          1
 Sandblast                Erth           100%       2d20      1%          1
 Slow                     Hex            100%       N/A       1%          1
 Call Imp                 Summ           72%        N/A       1%          2
 Corpse Rot               Necr/Air       100%       N/A       1%          2
 Ensorcelled Hibernation  Hex/Ice        100%       N/A       1%          2
 Passwall                 Tmut/Erth      59%        N/A       1%          2
 Poisonous Vapours        Pois/Air       100%       N/A       1%          2
 Static Discharge         Conj/Air       72%        N/A       1%          2
 Confusing Touch          Hex            71%        N/A       1%          3
 Conjure Flame            Conj/Fire      72%        6-21      1%          3
 Dazzling Flash           Conj/Hex       100%       N/A       1%          3
 Frozen Ramparts          Ice            100%       1d12      1%          3
 Inner Flame              Hex/Fire       71%        N/A       1%          3
 Stone Arrow              Conj/Erth      100%       3d13      1%          3
 Teleport Other           Tloc           72%        N/A       1%          3
 Vampiric Draining        Necr           35%        2d11      1%          3
 Animate Armour           Summ/Erth      100%       N/A       1%          4
 Animate Dead             Necr           35%        N/A       1%          4
 Cause Fear               Hex            35%        N/A       1%          4
 Dispel Undead            Necr           71%        3d24      1%          4
 Fulminant Prism          Conj/Hex       36%        3d18      1%          4
 Hailstorm                Conj/Ice       72%        3d15      1%          4
 Ice Form                 Ice/Tmut       71%        N/A       1%          4
 Iskenderun's Mystic Bla  Conj/Tloc      72%        2d15      1%          4
 Leda's Liquefaction      Hex/Erth       35%        N/A       1%          4
 Olgreb's Toxic Radiance  Pois           71%        N/A       1%          4
 Passage of Golubria      Tloc           72%        N/A       1%          4
 Summon Lightning Spire   Summ/Air       72%        N/A       1%          4
 Agony                    Necr           71%        N/A       1%          5
 Fireball                 Conj/Fire      36%        3d15      1%          5
 Iskenderun's Battlesphe  Conj           72%        2d12      1%          5
 Lightning Bolt           Conj/Air       36%        1d54      1%          5
 Silence                  Hex/Air        35%        N/A       1%          5
 Summon Forest            Summ/Tloc      36%        N/A       1%          5
 Summon Mana Viper        Hex/Summ       72%        N/A       1%          5
 Yara's Violent Unravell  Hex/Tmut       35%        3d14      1%          5
 Conjure Ball Lightning   Conj/Air       36%        3x3d12    5%          6
 Dispersal                Tloc           36%        N/A       5%          6
 Eringya's Noxious Bog    Tmut/Pois      35%        N/A       5%          6
 Simulacrum               Ice/Necr       35%        N/A       5%          6
 Statue Form              Tmut/Erth      47%        N/A       5%          6
 Summon Cactus Giant      Summ           36%        N/A       5%          6
 Malign Gateway           Summ/Tloc      36%        N/A       28%         7
 Spellforged Servitor     Conj/Summ      36%        N/A       28%         7
 Summon Hydra             Summ           36%        N/A       28%         7
 Haunt                    Necr/Summ      36%        N/A       30%         7
 Summon Horrible Things   Summ           36%        N/A       92%         8
 Discord                  Hex            35%        N/A       94%         8
 Maxwell's Capacitive Co  Air            35%        ∞         94%         8


Dungeon Overview and Level Annotations

Branches:
Dungeon (14/15)            Temple (1/1) D:7            Lair (6/6) D:9
  Swamp (1/4) Lair:3        Snake (4/4) Lair:3        Slime (0/5) Lair:6
    Orc (2/2) D:12            Elf (1/3) Orc:2        Vaults (0/5) D:13
  IceCv (visited)         Volcano (visited)         Gauntlet (visited)

Altars:
Ashenzari
Cheibriados
Dithmenos
Fedhas
Nemelex Xobeh
Okawaru
Qazlal
Ru
Sif Muna
Trog
Uskayaw
Vehumet
Wu Jian
Yredelemnul
Zin
Beogh
Jiyva
Lugonu

Shops:
D:1 ?   D:2 =   D:6 *   Orc:2 *((:   Snake:2 [

Portals:
Abyss: Lair:6

Annotations:
D:3 flotson's ghost, weakling DsDe
D:5 2 runed translucent doors
D:14 2 runed translucent doors, Ydeghy's ghost, journeyman OpWr
Lair:6 1 runed translucent door
Swamp:1 Mlioglotl
Elf:1 3 runed translucent doors


Innate Abilities, Weirdness & Mutations

You have very sharp teeth.
Your uncanny sense of smell can sniff out nearby items.
Your experience applies equally to all skills.


Message History

You can't see any susceptible monsters within range! (Use Z to cast anyway.)
Casting: Borgnjor's Vile Clutch (mildly dangerous; 1% risk of failure)
Confirm with . or Enter, or press ? or * to list all spells.
Aiming: Mephitic Cloud (safe; 1% risk of failure)
Press: ? - help, Shift-Dir - straight line, f - spectral deep elf zephyrmancer, p - deep elf pyromancer
Aim: a spectral deep elf zephyrmancer (heavily damaged, friendly, not susceptible)
The ball explodes into a vile cloud!
The stinking cloud engulfs your spectral deep elf zephyrmancer but does no damage.
Your spectral deep elf zephyrmancer is heavily damaged.
The stinking cloud engulfs something but does no damage.
The zombie hands constrict the deep elf zephyrmancer!!
You kill the deep elf zephyrmancer!
Sif Muna accepts your kill.
The zombie hands constrict the deep elf pyromancer!!
You kill the deep elf pyromancer!
Sif Muna accepts your kill.
A glowing mist starts to gather... x2
Something hits your spectral deep elf zephyrmancer!!
Your spectral deep elf pyromancer hits the deep elf zephyrmancer but does no damage.
The deep elf zephyrmancer barely misses your spectral deep elf pyromancer.
The deep elf pyromancer casts a spell.
The deep elf pyromancer blinks!
Unknown command.
Unknown command.
You swap places.
Your spectral deep elf pyromancer barely misses the deep elf zephyrmancer.
The deep elf zephyrmancer gestures at you while chanting.
The bolt of lightning hits your spectral deep elf pyromancer!!
The bolt of lightning misses your spectral deep elf archer.
The bolt of lightning hits you!!!
* * * LOW HITPOINT WARNING * * *
The bolt of lightning hits your spectral deep elf zephyrmancer!!
The bolt of lightning hits your spectral deep elf pyromancer!! x2
Your spectral deep elf zephyrmancer hits something.
The deep elf zephyrmancer casts a spell at you.
The bolt of lightning hits the deep elf zephyrmancer!!!
The bolt of lightning hits your spectral deep elf pyromancer!!
The bolt of lightning hits your spectral deep elf archer!!
The bolt of lightning hits you!!!
You die...

#.# #.# #.#
#.# #.# #.#
#.# #.# #.#
#.# #.# #+
∆ #Z##.#
#§#Z##
#☼Z)###
######Z)..+
+...'Z@Y..#
######Z..##
#Z.## #e##
.e# ..) ...
....


You could see 2 deep elf zephyrmancers, 3 friendly spectral deep elf
pyromancers, a friendly spectral deep elf demonologist, a friendly spectral deep
elf archer, 2 friendly spectral deep elf zephyrmancers and a friendly ice beast
(summoned).

Vanquished Creatures
  Roxanne (Snake:4)
  Aizul (Lair:3)
  A very ugly thing (IceCv)
  Nessos (D:12)
  A deep elf demonologist (Elf:1)
  A red draconian (Volcano)
  A dire elephant (Gauntlet)
  A minotaur (Gauntlet)
  Snorg (Orc:1)
  An ettin (Orc:2)
  Josephine (Snake:1)
  Harold (D:12)
  A boulder beetle (D:13)
  Fannar (Lair:1)
  An ice dragon (Snake:3)
  4 hydras
  8 naga warriors
  2 salamander tyrants
  A catoblepas (Lair:2)
  3 vault guards (D:13)
  4 centaur warriors
  A death knight (D:14)
  4 anacondas
  3 dancing weapons (Elf:1)
  A two-headed ogre (D:8)
  2 orc high priests (Orc:2)
  7 naga sharpshooters
  4 thrashing horrors (Lair:6)
  3 shock serpents
  A fire crab (Gauntlet)
  Sonja (Orc:1)
  A skeletal warrior (D:14)
  8 salamander mystics
  2 sea snakes (Lair:3)
  3 deep elf archers (Elf:1)
  4 naga ritualists
  6 deep elf zephyrmancers (Elf:1)
  4 orc knights
  6 orc sorcerers
  9 deep elf pyromancers
  12 mana vipers
  5 ugly things
  3 manticores
  13 salamanders
  Maurice (D:9)
  A cyclops (D:12)
  6 elephants (Lair:6)
  An oklob plant (Lair:6)
  8 naga magi
  6 guardian serpents
  A smoke demon (Lair:6)
  17 black mambas
  A torpor snail (Lair:1)
  A black mamba (shapeshifter) (D:13)
  A gargoyle (D:11)
  8 cane toads
  Psyche (D:12)
  11 komodo dragons
  4 rime drakes
  A yaktaur (D:13)
  A freezing wraith (D:14)
  2 tengu conjurers (D:8)
  3 ancient zymes (Lair:6)
  5 trolls
  A queen bee (Gauntlet)
  A merfolk (shapeshifter) (Lair:6)
  A polar bear (Lair:5)
  2 large abominations (Lair:6)
  A tyrant leech (Lair:3)
  38 blink frogs
  Prince Ribbit (D:7)
  6 slime creatures
  4 dream sheep (Lair:6)
  Sigmund (D:5)
  A spriggan (Lair:6)
  A shadow (D:12)
  A vampire (D:12)
  7 wraiths
  3 ynoxinuls (Lair:6)
  A wyvern (Lair:4)
  Eustachio (D:5)
  2 fire bats (Gauntlet)
  18 yaks
  3 dire elephant simulacra (IceCv)
  A steam dragon (D:7)
  4 humans (D:13)
  5 basilisks
  A human (shapeshifter) (Lair:6)
  5 vampire mosquitoes
  34 nagas
  A harpy simulacrum (IceCv)
  2 wargs
  An acid dragon (D:13)
  15 water moccasins
  An ice beast (D:7)
  9 small abominations (Lair:6)
  21 orc warriors
  4 alligator simulacra (IceCv)
  2 hornet zombies
  A sky beast (D:8)
  3 black bears
  5 ogres
  17 wolves
  5 centaurs
  2 phantoms
  A kobold brigand (D:6)
  10 bullfrogs
  A wyvern zombie (D:8)
  2 gnoll sergeants
  2 water moccasin zombies (D:5)
  A water moccasin skeleton (D:5)
  A wyvern skeleton (D:7)
  21 killer bees
  5 wights
  4 howler monkeys
  6 centaur zombies
  3 jellies
  4 centaur skeletons
  11 orc priests
  A hound (D:6)
  3 bullfrog skeletons
  22 orc wizards
  2 howler monkey zombies
  8 gnolls
  A howler monkey skeleton (D:7)
  6 adders
  A shadow imp (D:5)
  A white imp (D:8)
  2 adder skeletons
  A worm (D:2)
  4 dart slugs
  66 orcs
  11 endoplasms
  A giant cockroach (D:1)
  5 goblins
  8 hobgoblins
  9 jackals
  10 kobolds
  3 quokkas
  6 ball pythons
  3 bats
  2 frilled lizards (D:2)
  8 rats
709 creatures vanquished.

Vanquished Creatures (collateral kills)
  2 nagarajas
  2 salamander tyrants
  A vault guard (D:13)
  4 naga warriors
  A boulder beetle (D:11)
  6 hydras
  4 anacondas
  A tengu warrior (D:14)
  A two-headed ogre (D:10)
  3 naga sharpshooters
  A shock serpent (Snake:3)
  An orc high priest (Orc:2)
  A deep elf knight (Elf:1)
  A salamander mystic (Snake:4)
  A naga ritualist (Snake:4)
  A deep elf zephyrmancer (Elf:1)
  A bog body (Lair:3)
  An orc knight (Orc:2)
  A manticore (D:14)
  2 deep elf pyromancers
  A mana viper (Snake:2)
  An ugly thing (D:14)
  2 orc sorcerers (Orc:2)
  An elephant (Gauntlet)
  5 salamanders
  5 black mambas
  3 cane toads
  2 guardian serpents
  5 naga magi
  2 komodo dragons (Lair:1)
  A troll (D:13)
  A polar bear (Lair:6)
  7 blink frogs
  2 dream sheep (Lair:6)
  A slime creature (D:9)
  A wraith (D:10)
  4 yaks
  A ynoxinul (Lair:6)
  2 wyverns
  2 basilisks (Lair:1)
  2 humans (D:13)
  A warg (Orc:2)
  12 nagas
  2 water moccasins
  An orc warrior (Orc:2)
  An ogre (Orc:1)
  3 wolves
  A kobold brigand (D:8)
  2 small abominations (Lair:6)
  2 bullfrogs
  A killer bee (D:11)
  3 orc priests (Orc:2)
  3 orc wizards
  10 orcs
  A butterfly (Lair:5)
130 creatures vanquished.

Vanquished Creatures (others)
  A naga warrior (Snake:3)
  2 humans (D:13)
  A naga (Snake:2)
  3 orcs (Orc:2)
  30 fungi
  51 plants
  13 withered plants (Gauntlet)
101 creatures vanquished.

Grand Total: 940 creatures vanquished

Notes
Turn   | Place    | Note
-------+----------+-------------------------------------------
     0 | D:1      | rogsnak the Gnoll Hedge Wizard began the quest for the Orb.
     0 | D:1      | Reached XP level 1. HP: 13/13 MP: 8/8
   280 | D:1      | Reached XP level 2. HP: 19/19 MP: 5/10
   668 | D:1      | Found Enou's Magic Scroll Shoppe.
   993 | D:1      | Reached XP level 3. HP: 25/25 MP: 9/11
  1015 | D:1      | Learned a level 2 spell: Blink
  1019 | D:1      | Learned a level 3 spell: Mephitic Cloud
  1047 | D:2      | Found a faded altar of an unknown god.
  1732 | D:2      | Reached skill level 1 in Invocations
  1872 | D:2      | Reached skill level 1 in Fighting
  1872 | D:2      | Reached skill level 1 in Short Blades
  1872 | D:2      | Reached skill level 1 in Long Blades
  1872 | D:2      | Reached skill level 1 in Axes
  1872 | D:2      | Reached skill level 1 in Maces & Flails
  1872 | D:2      | Reached skill level 1 in Polearms
  1872 | D:2      | Reached skill level 1 in Staves
  1872 | D:2      | Reached skill level 1 in Slings
  1872 | D:2      | Reached skill level 1 in Bows
  1872 | D:2      | Reached skill level 1 in Crossbows
  1872 | D:2      | Reached skill level 1 in Throwing
  1872 | D:2      | Reached skill level 1 in Armour
  1872 | D:2      | Reached skill level 1 in Shields
  1872 | D:2      | Reached skill level 1 in Unarmed Combat
  1872 | D:2      | Reached skill level 1 in Evocations
  1917 | D:2      | Found Beguicvo's Jewellery Emporium.
  1986 | D:2      | Found a basalt altar of Yredelemnul.
  2200 | D:3      | Reached XP level 4. HP: 32/32 MP: 4/13
  2597 | D:3      | Reached skill level 1 in Hexes
  2597 | D:3      | Reached skill level 1 in Necromancy
  2597 | D:3      | Reached skill level 1 in Transmutations
  2597 | D:3      | Reached skill level 1 in Fire Magic
  2597 | D:3      | Reached skill level 1 in Ice Magic
  2597 | D:3      | Reached skill level 1 in Air Magic
  2597 | D:3      | Reached skill level 1 in Earth Magic
  2597 | D:3      | Reached skill level 1 in Poison Magic
  2656 | D:3      | Noticed a water moccasin
  2728 | D:3      | Found a runed translucent gate.
  2744 | D:3      | Found a runed translucent gate.
  2745 | D:3      | Found a runed translucent gate.
  2745 | D:3      | Noticed flotson's ghost (weakling DsDe)
  2971 | D:2      | Reached XP level 5. HP: 11/37 MP: 11/14
  4319 | D:4      | Noticed an ogre
  4353 | D:4      | Killed an ogre
  4354 | D:4      | Reached skill level 5 in Dodging
  4354 | D:4      | Reached XP level 6. HP: 44/44 MP: 10/16
  4659 | D:4      | Noticed a black bear
  4673 | D:4      | Killed a black bear
  4856 | D:4      | Found a stormy altar of Qazlal.
  4858 | D:4      | Found a blossoming altar of Fedhas.
  5150 | D:5      | Entered Level 5 of the Dungeon
  5215 | D:4      | HP: 1/44 [poisoned by a gnoll sergeant]
  5261 | D:5      | Reached XP level 7. HP: 31/50 MP: 6/18
  5591 | D:5      | Found a large runed translucent door.
  5591 | D:5      | Found a large runed translucent door.
  5598 | D:5      | Found a large runed translucent door.
  5598 | D:5      | Found a large runed translucent door.
  5599 | D:5      | Noticed a yak
  5835 | D:5      | Identified the +6 rapier "Keelura" {speed, rCorr Stlth+}
  6208 | D:5      | Reached skill level 5 in Stealth
  6349 | D:5      | Noticed Eustachio
  6360 | D:5      | Killed Eustachio
  6361 | D:5      | Reached XP level 8. HP: 46/57 MP: 19/19
  6423 | D:5      | Noticed Sigmund
  6455 | D:5      | Killed Sigmund
  6910 | D:5      | Noticed a yak
  6960 | D:5      | Killed a yak
  7160 | D:4      | Killed a yak
  7161 | D:4      | Reached XP level 9. HP: 34/65 MP: 21/21
  7184 | D:5      | Identified the +0 pair of gloves of Jigyoj {rN+ Will+}
  7633 | D:6      | Found Qoitemnamu's General Store.
  8052 | D:7      | Found a staircase to the Ecumenical Temple.
  8061 | Temple   | Entered the Ecumenical Temple
  8083 | Temple   | Became a worshipper of Sif Muna the Loreminder
  8385 | D:7      | Noticed Prince Ribbit
  8397 | D:7      | Killed Prince Ribbit
  8997 | D:7      | Reached skill level 5 in Invocations
  9129 | D:8      | Noticed a two-headed ogre
  9361 | D:8      | Noticed a tengu conjurer
  9362 | D:8      | Noticed a red ugly thing
  9363 | D:8      | Killed a tengu conjurer
  9364 | D:8      | Reached XP level 10. HP: 73/73 MP: 16/22
  9368 | D:8      | Noticed a centaur warrior
  9373 | D:8      | Identified the +8 demon trident of Optimality {freeze,
                  | rPois rF+ rC-}
  9712 | D:8      | Learned a level 4 spell: Summon Ice Beast
  9792 | D:8      | Reached skill level 5 in Fighting
  9792 | D:8      | Reached skill level 5 in Short Blades
  9792 | D:8      | Reached skill level 5 in Long Blades
  9792 | D:8      | Reached skill level 5 in Axes
  9792 | D:8      | Reached skill level 5 in Maces & Flails
  9792 | D:8      | Reached skill level 5 in Polearms
  9792 | D:8      | Reached skill level 5 in Staves
  9792 | D:8      | Reached skill level 5 in Slings
  9792 | D:8      | Reached skill level 5 in Bows
  9792 | D:8      | Reached skill level 5 in Crossbows
  9792 | D:8      | Reached skill level 5 in Throwing
  9792 | D:8      | Reached skill level 5 in Armour
  9792 | D:8      | Reached skill level 5 in Shields
  9792 | D:8      | Reached skill level 5 in Unarmed Combat
  9792 | D:8      | Reached skill level 5 in Evocations
  9894 | D:8      | Identified the +8 trident of the Sun {protect, Str+5}
  9976 | D:8      | Reached * piety under Sif Muna
 10197 | D:8      | Killed a red ugly thing
 10361 | D:8      | Found a radiant altar of Vehumet.
 10362 | D:8      | Found a bloodstained altar of Trog.
 10398 | D:8      | Noticed a manticore
 10402 | D:8      | Found a hide-covered altar of Uskayaw.
 10476 | D:8      | Killed a manticore
 10477 | D:8      | Reached skill level 5 in Conjurations
 10477 | D:8      | Reached skill level 5 in Summonings
 10477 | D:8      | Reached skill level 5 in Translocations
 10635 | D:8      | Killed a two-headed ogre
 10776 | D:8      | Found a broken altar of Ashenzari.
 11165 | D:8      | Killed a centaur warrior
 11166 | D:8      | Reached XP level 11. HP: 61/81 MP: 22/24
 11312 | D:9      | Noticed a centaur warrior
 11322 | D:9      | Killed a centaur warrior
 11415 | D:8      | Reached skill level 5 in Hexes
 11415 | D:8      | Reached skill level 5 in Necromancy
 11415 | D:8      | Reached skill level 5 in Transmutations
 11415 | D:8      | Reached skill level 5 in Fire Magic
 11415 | D:8      | Reached skill level 5 in Ice Magic
 11415 | D:8      | Reached skill level 5 in Air Magic
 11415 | D:8      | Reached skill level 5 in Earth Magic
 11415 | D:8      | Reached skill level 5 in Poison Magic
 12495 | D:9      | Noticed Maurice
 12509 | D:9      | Killed Maurice
 12779 | D:9      | Noticed a deep elf pyromancer
 12791 | D:9      | Killed a deep elf pyromancer
 12856 | D:9      | Reached ** piety under Sif Muna
 13596 | D:9      | Found a staircase to the Lair.
 13616 | D:10     | Entered Level 10 of the Dungeon
 14216 | D:10     | Noticed a two-headed ogre
 14251 | D:10     | Killed a two-headed ogre
 14947 | D:11     | Noticed a boulder beetle
 15018 | D:11     | Killed a boulder beetle
 15179 | D:11     | Noticed a green ugly thing
 15191 | D:11     | Reached skill level 10 in Spellcasting
 15191 | D:11     | Reached XP level 12. HP: 88/89 MP: 21/26
 15585 | D:12     | Noticed Nessos
 15592 | D:12     | Noticed Psyche
 15596 | D:12     | Killed Nessos
 15607 | D:12     | Killed Psyche
 16404 | D:12     | Found a staircase to the Orcish Mines.
 16837 | D:13     | Noticed a boulder beetle
 16854 | D:13     | Killed a boulder beetle
 17067 | D:13     | Noticed a five-headed hydra
 17073 | D:13     | Killed a five-headed hydra
 17295 | D:13     | Noticed a centaur warrior
 17352 | D:13     | Killed a centaur warrior
 17530 | D:13     | Identified the +8 war axe "Orb Guardian's Regret" {vorpal,
                  | Drain rF+ rC+++ Int+4}
 17772 | D:13     | Noticed a vault guard
 17772 | D:13     | Noticed a vault guard
 17772 | D:13     | Noticed a vault guard
 17781 | D:13     | Noticed a vault guard
 17799 | D:13     | Killed a vault guard
 17803 | D:13     | Killed a vault guard
 17849 | D:13     | Killed a vault guard
 17900 | D:13     | Killed a vault guard
 17901 | D:13     | Reached XP level 13. HP: 83/98 MP: 22/27
 17926 | D:13     | Reached *** piety under Sif Muna
 17936 | D:13     | Found a gate to the Vaults.
 18141 | Orc:1    | Entered Level 1 of the Orcish Mines
 18148 | Orc:1    | Noticed Harold
 18238 | Orc:1    | Noticed Sonja
 18250 | Orc:1    | Killed Sonja
 18260 | D:12     | Killed Harold
 18571 | Orc:2    | Entered Level 2 of the Orcish Mines
 18578 | Orc:2    | Noticed Snorg
 18696 | Orc:2    | Found a staircase to the Elven Halls.
 18703 | Orc:1    | Reached **** piety under Sif Muna
 18907 | Orc:1    | Killed Snorg
 19470 | Orc:2    | Reached ***** piety under Sif Muna
 19472 | Orc:2    | Noticed an ettin
 19491 | Orc:2    | Killed an ettin
 19581 | Orc:2    | Received a gift from Sif Muna
 19638 | Orc:2    | Got Sif Muna's Thaumaturgy, Part Four {god gift}
 19644 | Orc:2    | Learned a level 4 spell: Airstrike
 20000 | Orc:2    | Found a shimmering blue altar of Sif Muna.
 20251 | Orc:2    | Found Ymur's Book Emporium.
 20251 | Orc:2    | Found Abou's General Store.
 20254 | Orc:2    | Found Zadaol's Weapon Emporium.
 20254 | Orc:2    | Found Siups's Antique Weapon Boutique.
 20425 | Lair:1   | Entered Level 1 of the Lair of Beasts
 20483 | Lair:1   | Noticed Fannar
 20558 | Lair:1   | Killed Fannar
 20559 | Lair:1   | Reached skill level 10 in Dodging
 20559 | Lair:1   | Reached XP level 14. HP: 106/106 MP: 23/29
 20815 | Lair:1   | Learned a level 4 spell: Flame Wave
 21134 | Lair:1   | Reached skill level 10 in Stealth
 21553 | Lair:2   | Identified the +5 shortbow of Certain Death {vorpal, rElec}
 21599 | Lair:2   | Reached skill level 10 in Invocations
 22230 | Lair:3   | Found a staircase to the Swamp.
 22303 | Lair:3   | Found a dark tunnel.
 22320 | Volcano  | Entered a volcano
 22448 | Volcano  | Noticed a red draconian
 22466 | Volcano  | Identified the +0 pair of boots of the Many Wonders {Regen+
                  | MP+9 Int-5 Dex+4}
 22475 | Volcano  | Killed a red draconian
 22605 | Lair:3   | Found a staircase to the Snake Pit.
 22898 | Lair:3   | Learned a level 6 spell: Iron Shot
 23361 | Lair:4   | Found a gate leading to a gauntlet.
 23379 | Gauntlet | Entered a Gauntlet
 23379 | Gauntlet | Found a transporter.
 23388 | Gauntlet | Found a transporter.
 23390 | Gauntlet | Found a transporter.
 23392 | Gauntlet | Found a transporter.
 23413 | Gauntlet | Found a transporter.
 23424 | Gauntlet | Found a transporter.
 23427 | Gauntlet | Noticed a balrug
 23429 | Gauntlet | Found a transporter.
 23450 | Gauntlet | Found a transporter.
 23463 | Gauntlet | Found a transporter.
 23471 | Gauntlet | Noticed a dire elephant
 23475 | Gauntlet | Found a transporter.
 23491 | Gauntlet | Found a transporter.
 23507 | Gauntlet | Found a transporter.
 23525 | Gauntlet | Found a transporter.
 23546 | Gauntlet | Found a transporter.
 23563 | Gauntlet | Found a transporter.
 23565 | Gauntlet | Found a transporter.
 23598 | Gauntlet | Found a transporter.
 23600 | Gauntlet | Found a transporter.
 23703 | Gauntlet | Received a gift from Sif Muna
 23707 | Gauntlet | Got Sif Muna's Reference Book on Evil Rites and Attacks
                  | {god gift}
 23759 | Gauntlet | Identified the ring "Heguin" {rF++ Str+6 Dex-2}
 23855 | Gauntlet | Killed a dire elephant
 23866 | Gauntlet | Identified the +2 helmet of Eternal Vigilance {rF- Int+4}
 24569 | Lair:5   | Reached XP level 15. HP: 94/115 MP: 31/31
 25159 | Lair:6   | Entered Level 6 of the Lair of Beasts
 25196 | Lair:6   | Identified the +2 helmet of Contentment {Fly Int+8 Dex+4
                  | Slay-5}
 25431 | Lair:6   | Reached skill level 10 in Fighting
 25431 | Lair:6   | Reached skill level 10 in Short Blades
 25431 | Lair:6   | Reached skill level 10 in Long Blades
 25431 | Lair:6   | Reached skill level 10 in Axes
 25431 | Lair:6   | Reached skill level 10 in Maces & Flails
 25431 | Lair:6   | Reached skill level 10 in Polearms
 25431 | Lair:6   | Reached skill level 10 in Staves
 25431 | Lair:6   | Reached skill level 10 in Slings
 25431 | Lair:6   | Reached skill level 10 in Bows
 25431 | Lair:6   | Reached skill level 10 in Crossbows
 25431 | Lair:6   | Reached skill level 10 in Throwing
 25431 | Lair:6   | Reached skill level 10 in Armour
 25431 | Lair:6   | Reached skill level 10 in Shields
 25431 | Lair:6   | Reached skill level 10 in Unarmed Combat
 25431 | Lair:6   | Reached skill level 10 in Evocations
 25487 | Lair:6   | Received a gift from Sif Muna
 25490 | Lair:6   | Got Sif Muna's Papyrus of Summoning {god gift}
 26221 | Lair:6   | Found a corrupted altar of Lugonu.
 26221 | Lair:6   | Found a one-way gate to the infinite horrors of the Abyss.
 26601 | Lair:6   | Found a runed translucent door.
 26604 | Lair:6   | Found a viscous altar of Jiyva.
 26604 | Lair:6   | Noticed an azure jelly
 26605 | Lair:6   | Found a staircase to the Slime Pits.
 26605 | Lair:6   | Noticed an azure jelly
 26605 | Lair:6   | Noticed an azure jelly
 27251 | D:14     | Noticed Ydeghy's ghost (journeyman OpWr)
 27252 | D:14     | Noticed a lich
 27451 | D:14     | Reached XP level 16. HP: 124/124 MP: 32/32
 27491 | D:14     | Found a runed translucent door.
 27766 | D:14     | Received a gift from Sif Muna
 27769 | D:14     | Got Sif Muna's Collected Works on Curses {god gift}
 27867 | D:14     | Found a runed translucent door.
 28088 | Snake:1  | Entered Level 1 of the Snake Pit
 28088 | Snake:1  | Noticed Aizul
 28207 | Lair:3   | Killed Aizul
 28341 | Lair:3   | Reached XP level 17. HP: 107/130 MP: 31/33
 28649 | Snake:1  | You fall into a shaft and drop 1 floor!
 29551 | Snake:1  | Noticed Josephine
 29563 | Snake:1  | Killed Josephine
 30259 | Snake:2  | Found Pen Koen's Antique Armour Shoppe.
 30268 | Snake:2  | Bought a bloodstained buckler for 237 gold pieces
 30268 | Snake:2  | Identified the +2 buckler of the Kraken {-Cast Harm +Inv
                  | Will-} (You bought it in a shop on level 2 of the Snake
                  | Pit)
 30271 | Snake:2  | Upgraded the game from 0.28-a0-751-gef3a642a4e to
                  | 0.28-a0-769-g550dbda0cd
 30526 | Snake:2  | You fall into a shaft and drop 1 floor!
 30611 | Snake:3  | Found a frozen archway.
 30707 | IceCv    | Entered an ice cave
 30720 | IceCv    | Found a transporter.
 30726 | IceCv    | Received a gift from Sif Muna
 30731 | IceCv    | Got Sif Muna's Almanac of Entrancing Stones {god gift}
 30760 | IceCv    | Found a transporter.
 31007 | Snake:3  | Learned a level 6 spell: Death Channel
 32011 | Snake:3  | Reached skill level 10 in Conjurations
 32011 | Snake:3  | Reached skill level 10 in Summonings
 32011 | Snake:3  | Reached skill level 10 in Translocations
 32229 | Snake:3  | Identified the +0 chain mail "Meiqaaq" {rF++}
 32758 | Snake:4  | Entered Level 4 of the Snake Pit
 32906 | Snake:4  | Reached XP level 18. HP: 111/138 MP: 4/35
 32991 | Snake:4  | Identified Roxanne's Almanac of the Rocks
 32991 | Snake:4  | Noticed Roxanne
 32999 | Snake:4  | Learned a level 5 spell: Lee's Rapid Deconstruction
 33015 | Snake:4  | Killed Roxanne
 33057 | Snake:4  | Learned a level 5 spell: Borgnjor's Vile Clutch
 33308 | Snake:4  | Reached skill level 10 in Hexes
 33308 | Snake:4  | Reached skill level 10 in Necromancy
 33308 | Snake:4  | Reached skill level 10 in Transmutations
 33308 | Snake:4  | Reached skill level 10 in Fire Magic
 33308 | Snake:4  | Reached skill level 10 in Ice Magic
 33308 | Snake:4  | Reached skill level 10 in Air Magic
 33308 | Snake:4  | Reached skill level 10 in Earth Magic
 33308 | Snake:4  | Reached skill level 10 in Poison Magic
 33584 | Snake:4  | Received a gift from Sif Muna
 33585 | Snake:4  | Got Sif Muna's Incunabulum of Ensnaring Orientation {god
                  | gift}
 33925 | Snake:4  | Got a serpentine rune of Zot
 34075 | Swamp:1  | Entered Level 1 of the Swamp
 34075 | Swamp:1  | Noticed Mlioglotl
 34326 | Elf:1    | Entered Level 1 of the Elven Halls
 34326 | Elf:1    | Found a runed translucent gate.
 34326 | Elf:1    | Found a runed translucent gate.
 34326 | Elf:1    | Found a runed translucent gate.
 34326 | Elf:1    | Found a runed translucent gate.
 34326 | Elf:1    | Found a runed translucent gate.
 34326 | Elf:1    | Found a runed translucent gate.
 34331 | Elf:1    | Found a runed translucent door.
 34765 | Elf:1    | Killed from afar by a deep elf zephyrmancer

Illustrated notes

Levels and vault maps discovered:
D:1:      psy_arrival_wood_between_worlds, layout_loops_ring, serial_shops,
          nicolae_shop_crystal
D:2:      layout_basic, basic_altar, dreamdust_ecumenical_altar_grove,
          serial_shops, nicolae_shop_waterfront, kennysheep_boxes
D:3:      layout_rooms, biasface_ghost_orc_armoury
D:4:      layout_basic, grunt_temple_overflow_forces_of_nature,
          minmay_misc_feat_alley, nrook_loot_triangle
D:5:      layout_cave_pools, minmay_hollow_rounded_squares, uniq_sigmund,
          uniq_eustachio
D:6:      layout_basic, serial_shops, nicolae_shop_stone, dk_noncrumbling_3,
          amcnicky_mini_rare_corridor_liquid
D:7:      layout_loops_corners, minmay_temple_entry_glass, uniq_prince_ribbit1
D:8:      layout_basic, mainiacjoe_overflow_alcove_3, minmay_the_grid_2x2
          [minmay_the_grid_minigrid_medium, minmay_the_grid_pillar_ring,
          minmay_the_grid_mess, minmay_the_grid_prize_trominoes]
D:9:      layout_irregular_city, grunt_lair_entry_orc_guard_hut,
          kennysheep_cross_bottleneck, uniq_maurice
D:10:     layout_layer_cave, minmay_diced_spiral
D:11:     layout_small_grid, nrook_mini_vaults, chequers_jeans, eino_jars
D:12:     layout_loops_ring, orc_0_dummy, uniq_nessos, uniq_psyche
D:13:     layout_long_grid, ximxim_vaults_locker_room
D:14:     layout_cave_pools, muffindrake_ghost_dual_entry
Temple:   eino_temple_rhombus
Lair:1:   layout_gridlike, st_stairs_7, uniq_fannar
Lair:2:   layout_loops_ring
Lair:3:   layout_loops_ring, skrybe_swamp_entry_bodies,
          guppyfry_snake_entry_island, enter_volcano_1, special_room
Lair:4:   layout_roguey, gauntlet_entry_generic
Lair:5:   layout_gridlike, lemuel_fruit_fields, lemuel_fruit_fields
Lair:6:   hellmonk_lair_end_abyssal_woods, layout_cellular_growth, slime_altar_2
Swamp:1:  layout_basic_swamp, evilmike_swamp_ruin_house_3, uniq_mlioglotl
Snake:1:  layout_gridlike, fake_guardian_serpent_vault, serial_bayou_shore_a,
          lemuel_fruit_tree, uniq_josephine, uniq_aizul
Snake:2:  layout_grid_shapes, serial_shops, shop, nicolae_snake_slithery_corners
Snake:3:  layout_cave_pods, portal_ice_cave_entry_dragon,
          nrook_guardian_serpent_double
Snake:4:  johnstein_snake_rune_scales, layout_misc_corridors, uniq_roxanne
Orc:1:    layout_caves, uniq_harold, uniq_sonja
Orc:2:    grunt_orc_tribal_feast, layout_caves, led_sif_book, uniq_snorg
Elf:1:    nicolae_elf_arrival_dilemma, layout_geoelf_grid, minmay_elf_sorcery,
          minivault_5

Skill      XL: |  1  2  3  4  5  6  7  8  9 10 11 12 13 14 15 16 17 18 |
---------------+-------------------------------------------------------+-----
Conjurations   | 2 3 4 5 6 7 8 9 10 | 10.5
Summonings     | 2 3 4 5 6 7 8 9 10 | 10.5
Translocations | 2 3 4 5 6 7 8 9 10 | 10.5
Invocations    | 1 2 3 4 5 6 7 8 9 10 11 12 13 | 13.1
Fighting       | 1 2 3 4 5 6 7 8 9 10 11 12 | 12.1
Short Blades   | 1 2 3 4 5 6 7 8 9 10 11 12 | 12.1
Long Blades    | 1 2 3 4 5 6 7 8 9 10 11 12 | 12.1
Axes           | 1 2 3 4 5 6 7 8 9 10 11 12 | 12.1
Maces & Flails | 1 2 3 4 5 6 7 8 9 10 11 12 | 12.1
Polearms       | 1 2 3 4 5 6 7 8 9 10 11 12 | 12.1
Staves         | 1 2 3 4 5 6 7 8 9 10 11 12 | 12.1
Slings         | 1 2 3 4 5 6 7 8 9 10 11 12 | 12.1
Bows           | 1 2 3 4 5 6 7 8 9 10 11 12 | 12.1
Crossbows      | 1 2 3 4 5 6 7 8 9 10 11 12 | 12.1
Throwing       | 1 2 3 4 5 6 7 8 9 10 11 12 | 12.1
Armour         | 1 2 3 4 5 6 7 8 9 10 11 12 | 12.1
Shields        | 1 2 3 4 5 6 7 8 9 10 11 12 | 12.1
Unarmed Combat | 1 2 3 4 5 6 7 8 9 10 11 12 | 12.1
Evocations     | 1 2 3 4 5 6 7 8 9 10 11 12 | 12.1
Hexes          | 1 2 3 4 5 6 7 8 9 10 | 10.2
Necromancy     | 1 2 3 4 5 6 7 8 9 10 | 10.2
Transmutations | 1 2 3 4 5 6 7 8 9 10 | 10.2
Fire Magic     | 1 2 3 4 5 6 7 8 9 10 | 10.2
Ice Magic      | 1 2 3 4 5 6 7 8 9 10 | 10.2
Air Magic      | 1 2 3 4 5 6 7 8 9 10 | 10.2
Earth Magic    | 1 2 3 4 5 6 7 8 9 10 | 10.2
Poison Magic   | 1 2 3 4 5 6 7 8 9 10 | 10.2
Dodging        | 5 6 7 8 9 10 11 12 | 12.9
Stealth        | 5 6 7 8 9 10 11 12 | 12.8
Spellcasting   | 8 9 10 11 12 13 | 13.9

Action                   |  1- 3 |  4- 6 |  7- 9 | 10-12 | 13-15 | 16-18 || total
-------------------------+-------+-------+-------+-------+-------+-------++-------
Melee: Dagger            |     4 |       |       |       |       |       ||     4
       Bite              |     1 |     3 |    24 |    26 |    72 |    42 ||   168
       Mace              |    20 |       |       |       |       |       ||    20
       Flail             |       |    65 |     3 |       |       |       ||    68
       Punch             |       |     3 |     7 |     5 |    24 |    22 ||    61
       Spear             |       |       |   166 |       |     5 |       ||   171
       Rapier            |       |       |   140 |    20 |     9 |       ||   169
       Demon trident     |       |       |       |   373 |   846 |   700 ||  1919
 Fire: Shortbow          |       |       |       |       |       |     5 ||     5
 Cast: Magic Dart        |    89 |   121 |    25 |    53 |     8 |       ||   296
       Mephitic Cloud    |       |    11 |    27 |    64 |   152 |    59 ||   313
       Summon Ice Beast  |       |       |       |    35 |   104 |    94 ||   233
       Airstrike         |       |       |       |       |    22 |    14 ||    36
       Iron Shot         |       |       |       |       |    15 |   112 ||   127
       Flame Wave        |       |       |       |       |     5 |     5 ||    10
       Death Channel     |       |       |       |       |       |    27 ||    27
       Blink             |       |       |       |       |       |     2 ||     2
       Lee's Rapid Decon |       |       |       |       |       |     5 ||     5
       Borgnjor's Vile C |       |       |       |       |       |     3 ||     3
Evoke: Wand              |       |       |       |     2 |       |     7 ||     9
  Use: Potion            |       |     2 |       |     4 |     4 |     3 ||    13
       Scroll            |       |       |       |     8 |    11 |     7 ||    26
 Stab: Sleeping          |     1 |     2 |     2 |     5 |    12 |       ||    22
       Confused          |       |     2 |    10 |    30 |    77 |    27 ||   146
       Distracted        |       |       |       |     3 |     1 |    11 ||    15
Armor: Robe              |     2 |    22 |    70 |    24 |       |     7 ||   125
       Ring mail         |       |       |       |    29 |       |       ||    29
       Troll leather arm |       |       |       |    12 |   190 |   181 ||   383
Dodge: Dodged            |    18 |    34 |   138 |   175 |   453 |   358 ||  1176

Table legend: (Time is in decaauts)
 A = Elapsed time spent in this place.
 B = Non-inter-level travel time spent in this place.
 C = Inter-level travel time spent in this place.
 D = Time resting spent in this place.
 E = Time spent auto-exploring this place.
 F = Levels seen in this place.
 G = Mean time per level.
                   A        B        C        D        E       F      G
               +--------+--------+--------+--------+--------+-----+--------+
         Total |  34496 |  33091 |   1405 |   7073 |  13555 |  32 | 1078.0 |
       Dungeon |  19683 |  18895 |    788 |   4817 |   8523 |  14 | 1405.9 |
        Temple |     33 |     33 |      0 |      0 |     15 |   1 |   33.0 |
          Lair |   5886 |   5500 |    386 |    653 |   2853 |   6 |  981.0 |
         Swamp |      3 |      3 |      0 |      0 |      0 |   1 |    3.0 |
     Snake Pit |   5265 |   5125 |    140 |    987 |   1350 |   4 | 1316.2 |
  Orcish Mines |   2059 |   1971 |     88 |    356 |    583 |   2 | 1029.5 |
   Elven Halls |    414 |    414 |      0 |     32 |    111 |   1 |  414.0 |
      Ice Cave |    274 |    274 |      0 |    188 |      0 |   1 |  274.0 |
       Volcano |    241 |    241 |      0 |      0 |     63 |   1 |  241.0 |
      Gauntlet |    634 |    634 |      0 |     40 |     56 |   1 |  634.0 |
               +--------+--------+--------+--------+--------+-----+--------+

Top non-repeatable levels by time:
     D:8: 2682 daAuts
     D:2: 1835 daAuts
    D:13: 1751 daAuts
     D:5: 1741 daAuts
     D:4: 1654 daAuts
 Snake:3: 1614 daAuts
 Snake:1: 1601 daAuts
     D:7: 1563 daAuts
  Lair:6: 1499 daAuts
     D:9: 1384 daAuts
  Lair:3: 1306 daAuts
    D:11: 1251 daAuts
   Orc:2: 1225 daAuts
    D:10: 1221 daAuts
     D:3: 1184 daAuts
